 Dungeon Crawl Stone Soup version 0.28.0-53-g5a82cb258f (webtiles) character file.

Game seed: 16968890773424271855

769 Peloso the Slasher (level 7, 0/53 HPs)
             Began as a Demonspawn Fighter on June 4, 2022.
             Was an Initiate of Okawaru.
             Killed from afar by a steam dragon (13 damage)
             ... with a ball of steam
             ... on level 5 of the Dungeon.
             The game lasted 00:06:09 (6470 turns).

Peloso the Slasher (Demonspawn Fighter)             Turns: 6470, Time: 00:06:09

Health: 0/53       AC:  7    Str: 18    XL:     7   Next: 52%
Magic:  7/7        EV: 11    Int:  9    God:    Okawaru [......]
Gold:   207        SH:  5    Dex: 19    Spells: 6/6 levels left

rFire   . . .      SeeInvis .   a - +0 long sword
rCold   . . .      Faith    .   c - +0 buckler
rNeg    . . .      Spirit   .   b - +0 scale mail
rPois   .          Reflect  .   (no helmet)
rElec   .          Harm     .   (no cloak)
rCorr   .          Rampage  .   (no gloves)
Will    +....                   (no boots)
Stlth   ++........              i - amulet of regeneration
HPRegen 0.97/turn               q - +6 ring of dexterity
MPRegen 0.10/turn               j - ring of willpower

@: mighty
A: claws 1, powered by pain 1, sturdy frame 2
a: Renounce Religion


You were on level 5 of the Dungeon.
You worshipped Okawaru.
Okawaru was noncommittal.
You visited 2 branches of the dungeon, and saw 6 of its levels.

You collected 207 gold pieces.

Inventory:

Hand Weapons
 a - a +0 long sword (weapon)
Armour
 b - a +0 scale mail (worn)
 c - a +0 buckler (worn)
Jewellery
 i - an amulet of regeneration (around neck)
 j - a ring of willpower (right claw)
 q - a +6 ring of dexterity (left claw)
Wands
 k - a wand of digging (5)
Scrolls
 f - a scroll of silence {unknown}
 h - 2 scrolls of amnesia {unknown}
 l - 3 scrolls of teleportation {unknown}
 m - a scroll of summoning {unknown}
 n - 2 scrolls of identify {unknown}
 o - 3 scrolls of enchant armour {unknown}
 p - a scroll of brand weapon {unknown}
Potions
 d - 2 potions of might
 e - 2 potions of magic {unknown}
 g - a potion of ambrosia {unknown}
 r - a potion of heal wounds {unknown}
 s - a potion of curing {unknown}


   Skills:
 + Level 3.9 Fighting
 + Level 5.1 Long Blades
 + Level 4.6 Armour
 + Level 2.3 Dodging
 + Level 1.3 Stealth
 + Level 3.5 Shields


You had 6 spell levels left.
You didn't know any spells.
Your spell library contained the following spells:

 Spells                   Type           Power      Damage    Failure   Level
 Foxfire                  Conj/Fire      0%         2x1d4     61%         1
 Conjure Flame            Conj/Fire      0%         6-21      93%         3
 Inner Flame              Hex/Fire       0%         N/A       93%         3
 Ozocubu's Armour         Ice            0%         N/A       93%         3
 Portal Projectile        Hex/Tloc       0%         N/A       93%         3
 Flame Wave               Conj/Fire      0%         2d4       100%        4
 Leda's Liquefaction      Hex/Erth       0%         N/A       100%        4
 Metabolic Englaciation   Hex/Ice        0%         N/A       100%        5
 Call Canine Familiar     Summ           Unusable   N/A       N/A         3
 Simulacrum               Ice/Necr       Unusable   N/A       N/A         6

Dungeon Overview and Level Annotations

Branches:
Dungeon (5/15)             Temple (1/1) D:4

Altars:
Cheibriados
Dithmenos
Elyvilon
Fedhas
Gozag
Hepliaklqana
Kikubaaqudgha
Makhleb
Nemelex Xobeh
Okawaru
Qazlal
Ru
Sif Muna
Trog
Uskayaw
Vehumet
Wu Jian
Xom
Yredelemnul
Zin
The Shining One

Shops:
D:2 ?(


Innate Abilities, Weirdness & Mutations

You have sharp fingernails.
You sometimes gain a little power by taking damage.
Your movements are less encumbered by armour. (ER -4)


Message History

The bullfrog zombie completely misses you.
The bullfrog zombie barely misses you.
You see here a dart slug corpse.
You hit the bullfrog zombie.
The bullfrog zombie is heavily damaged.
You block the bullfrog zombie's attack.
The bullfrog zombie hits you but does no damage.
You slash the bullfrog zombie!
The bullfrog zombie is almost destroyed.
The bullfrog zombie hits you but does no damage.
You slash the bullfrog zombie!
You destroy the bullfrog zombie!
Okawaru accepts your kill.
A steam dragon comes into view.
A steam dragon is nearby!
A steam dragon is nearby!
Found a stone staircase leading down.
The steam dragon hisses angrily.
You barely miss the steam dragon. The steam dragon breathes steam at you.
The ball of steam hits you!
You hit the steam dragon.
The steam dragon is moderately wounded.
You are engulfed in a cloud of scalding steam.
You focus on the pain.
You feel very mighty all of a sudden.
The steam dragon bites you but does no damage.
You block the steam dragon's attack.
You closely miss the steam dragon.
The steam dragon is moderately wounded.
You are engulfed in a cloud of scalding steam.
The steam dragon bites you. The steam dragon misses you.
The steam dragon bites you.
* * * LOW HITPOINT WARNING * * *
The steam dragon barely misses you.
You slash the steam dragon!
The steam dragon is severely wounded.
The steam dragon breathes steam at you. The ball of steam hits you!
You die...

#.... #...####
#...#####....#
#.....#...##.#
#.....#..## #
#........# #......###
##...†..#
..........############
######.....§.§@D...>..
#################


You could see a steam dragon (catching breath).

Vanquished Creatures
  A water moccasin (D:5)
  2 ogres
  A scorpion (D:4)
  A bullfrog zombie (D:5)
  A bullfrog skeleton (D:4)
  5 orc priests
  An iguana (D:4)
  An orc wizard (D:3)
  9 adders
  An ufetubus (D:4)
  2 adder skeletons (D:4)
  A worm (D:2)
  A dart slug (D:5)
  10 orcs
  7 ball pythons
  5 bats
  13 endoplasms
  4 goblins
  7 hobgoblins
  2 jackals (D:1)
  8 kobolds
  2 quokkas
  3 frilled lizards
  2 rats
  2 bushes (D:2)
92 creatures vanquished.

Vanquished Creatures (others)
  2 fungi (D:2)
  22 plants
24 creatures vanquished.

Grand Total: 116 creatures vanquished

Notes
Turn   | Place    | Note
-------+----------+-------------------------------------------
     0 | D:1      | Peloso the Demonspawn Fighter began the quest for the Orb.
     0 | D:1      | Reached XP level 1. HP: 18/18 MP: 1/1
   494 | D:1      | Gained mutation: You have sharp fingernails. [demonic
                  | ancestry]
   494 | D:1      | Reached XP level 2. HP: 18/24 MP: 2/2
   772 | D:1      | Reached skill level 2 in Long Blades
  1661 | D:2      | Gained mutation: Your movements are slightly less
                  | encumbered by armour. (ER -2) [demonic ancestry]
  1661 | D:2      | Reached XP level 3. HP: 18/29 MP: 3/3
  2051 | D:2      | Reached skill level 1 in Dodging
  2229 | D:2      | Found a faded altar of an unknown god.
  2301 | D:2      | Found Plog's Magic Scroll Shop.
  2403 | D:2      | Found Xoargh's Antique Weapon Boutique.
  3010 | D:2      | Gained mutation: You sometimes gain a little power by
                  | taking damage. [demonic ancestry]
  3010 | D:2      | Reached XP level 4. HP: 23/35 MP: 4/4
  3384 | D:3      | Reached skill level 3 in Long Blades
  3617 | D:3      | Reached XP level 5. HP: 41/41 MP: 5/5
  4429 | D:4      | HP: 2/41 [poisoned by a goblin]
  4735 | D:4      | Noticed an ogre
  4744 | D:4      | Killed an ogre
  4745 | D:4      | Reached skill level 4 in Long Blades
  4745 | D:4      | Reached XP level 6. HP: 24/47 MP: 6/6
  5085 | D:4      | Found a staircase to the Ecumenical Temple.
  5262 | D:4      | Reached skill level 1 in Stealth
  5870 | Temple   | Entered the Ecumenical Temple
  5996 | Temple   | Became a worshipper of Warmaster Okawaru
  6071 | D:5      | Entered Level 5 of the Dungeon
  6081 | D:5      | Gained mutation: Your movements are less encumbered by
                  | armour. (ER -4) [demonic ancestry]
  6081 | D:5      | Reached XP level 7. HP: 52/52 MP: 7/7
  6361 | D:5      | Reached skill level 5 in Long Blades
  6463 | D:5      | Noticed a steam dragon
  6470 | D:5      | Killed from afar by a steam dragon

Illustrated notes

Levels and vault maps discovered:
D:1:      lordsloth_arrival_two_stooges, layout_basic, minivault_19
D:2:      layout_loops_corners, serial_forest, infiniplex_forest_clump_medium,
          infiniplex_forest_straight_2, infiniplex_forest_straight_2,
          infiniplex_forest_lined_2, infiniplex_forest_end_1,
          infiniplex_forest_clump_double, infiniplex_forest_zigzag_1,
          infiniplex_forest_end_1, dreamdust_ecumenical_altar_grove,
          serial_shops, shop_fountains, shop, minmay_shallow_snake_nest
D:3:      layout_loops_corners, serial_rivers, chequers_serial_rivers_room_a,
          chequers_serial_rivers_large_a, chequers_serial_rivers_marsh,
          chequers_serial_rivers_marsh
D:4:      layout_gridville, minmay_temple_entry_antechambers,
          minmay_splitting_lines, serial_bayou_lake_a
D:5:      nicolae_cairo_tiling_large, layout_loops_ring,
          chequers_serial_rivers_large_b
Temple:   kilobyte_greek_temple

Skill      XL: |  1  2  3  4  5  6  7 |
---------------+----------------------+-----
Long Blades    | 2 3 4 5 |  5.1
Armour         | 3 4 |  4.6
Dodging        | 1 2 |  2.3
Shields        | 3 |  3.5
Stealth        | 1 |  1.3
Fighting       | |  3.9

Action                   |  1- 3 |  4- 6 |  7- 9 || total
-------------------------+-------+-------+-------++-------
Melee: Long sword        |   243 |   155 |    49 ||   447
  Use: Potion            |       |     1 |       ||     1
 Stab: Sleeping          |       |     1 |       ||     1
Armor: Scale mail        |    69 |    56 |    17 ||   142
Dodge: Dodged            |    82 |    86 |    27 ||   195
Block: Buckler           |    37 |    37 |    17 ||    91
